 Dungeon Crawl Stone Soup version 0.31.0-11-ge490571c62 (webtiles) character file.

Game seed: 17449137503776862085

11 Flugkiller the Chiller (level 2, 1/13 HPs)
             Began as a Vine Stalker Ice Elementalist on Feb 3, 2024.
             Quit the game on level 4 of the Dungeon.
             The game lasted 00:00:55 (226 turns).

Flugkiller the Chiller (VSIE)                        Turns: 226, Time: 00:00:56

Health: 1/13       AC:  2    Str: 10    XL:     2   Next: 29%
Magic:  0/6        EV: 12    Int: 15    God:
Gold:   16         SH:  0    Dex: 14    Spells: 5/6 levels left

rFire   . . .        (no weapon)
rCold   . . .        (no shield)
rNeg    . . .        a - +0 robe
rPois   .            (no helmet)
rElec   .            (no cloak)
rCorr   .            (no gloves)
SInv    .            (no boots)
Will    .....        (no amulet)
Stlth   ++           (no ring)
HPRegen 1.02/turn    (no ring)
MPRegen 0.10/turn

%: guardian spirit
@: no status effects
A: fangs 2, regeneration 1, magic shield, antimagic bite, no potion heal 2
a: no special abilities


You were on level 4 of the Dungeon.
You visited 1 branch of the dungeon, and saw 4 of its levels.

You collected 16 gold pieces.

Inventory:

Armour
 a - a +0 robe (worn)
Scrolls
 e - a scroll of teleportation {unknown}
 g - a scroll of revelation {unknown}
Potions
 b - a potion of magic
 c - a potion of enlightenment {unknown}
 d - a potion of mutation {unknown}
 f - a potion of curing {unknown}


   Skills:
 - Level 1.5 Dodging
 - Level 2.4 Stealth
 + Level 2.6 Spellcasting
 + Level 4.2 Ice Magic


You had 5 spell levels left.
You knew the following spells:

 Your Spells              Type           Power      Damage    Failure   Level
a - Freeze                Ice            56%        1d7       3%          1

Your spell library contained the following spells:

 Spells                   Type           Power      Damage    Failure   Level
 Frozen Ramparts          Ice            28%        1d5       11%         3
 Ozocubu's Armour         Ice            14%        N/A       11%         3
 Summon Ice Beast         Ice/Summ       8%         N/A       26%         3


Dungeon Overview and Level Annotations

Branches:
Dungeon (4/15) Zot: 23774
 Temple: D:4-7

Altars:

Shops:
D:2 *


Innate Abilities, Weirdness & Mutations

You have extremely sharp teeth.
Your natural rate of healing is unusually fast.
When hurt, damage is shared between your health and your magic reserves.
Your bite disrupts and absorbs the magic of your enemies.
Potions cannot restore your health.


Message History

Aiming: Freeze (safe; 4% risk of failure)
Press: ? - help, Shift-Dir - straight line, f - orc
Aim: an orc, wielding a +0 hand axe You freeze the orc.
The orc is heavily wounded.
The orc closely misses you.
You hit the orc. Your bite misses the orc.
The orc is almost dead.
The orc completely misses you.
You hit the orc.
You kill the orc!
You have reached level 2!
Things that are here:
a +0 hand axe; a scroll labelled RONGAPITAT; an orc corpse
g - a scroll labelled RONGAPITAT The quokka bites you. x2
Casting: Freeze (safe; 3% risk of failure)
Confirm with . or Enter, or press ? or * to list all spells.
You don't have enough magic to cast this spell.
You completely miss the quokka. You bite the quokka. You drain its power.
You feel invigorated.
The quokka is moderately wounded.
The quokka bites you.
You hit the quokka but do no damage. Your bite misses the quokka.
The quokka is moderately wounded.
The quokka barely misses you.
Casting: Freeze (safe; 3% risk of failure)
Confirm with . or Enter, or press ? or * to list all spells.
Aiming: Freeze (safe; 3% risk of failure)
Press: ? - help, Shift-Dir - straight line, f - quokka
Aim: a quokka (lightly wounded)
You freeze the quokka!
You kill the quokka!
Found 9 gold pieces.
You now have 9 gold pieces.
There is a stone staircase leading down here.
You climb downwards.
Found 7 gold pieces and 2 cyan potions.
There is a stone staircase leading up here.
Unknown command.
A goblin comes into view. It is wielding a +0 club.
The goblin shouts!
You hear an angry hiss.
An iguana comes into view.
You see here 7 gold pieces.
You now have 16 gold pieces (gained 7).
A scorpion comes into view.
There is a stone staircase leading up here.
An orc comes into view. It is wielding a +0 short sword.
Found 5 boomerangs.
A kobold comes into view. It is wielding a +0 whip.
The orc shouts!
The kobold shouts!
You hear a shout! x3
A goblin comes into view. It is wielding a +0 dagger.
The kobold closely misses you.
A goblin and a hobgoblin come into view.
The kobold hits you with a +0 whip. The kobold attacks as it pursues you!
The kobold hits you with a +0 whip.
Unknown command.
The kobold attacks as it pursues you! The kobold closely misses you.
Unknown command.
Casting: Freeze (safe; 3% risk of failure)
Confirm with . or Enter, or press ? or * to list all spells.
Aiming: Freeze (safe; 3% risk of failure)
Press: ? - help, Shift-Dir - straight line, f - kobold
Aim: a kobold, wielding a +0 whip You freeze the kobold!
You kill the kobold!
Casting: Freeze (safe; 3% risk of failure)
Confirm with . or Enter, or press ? or * to list all spells.
Aiming: Freeze (safe; 3% risk of failure)
Press: ? - help, Shift-Dir - straight line, f - hobgoblin
Aim: a hobgoblin You freeze the hobgoblin.
You kill the hobgoblin!
The goblin hits you with a +0 club.
Casting: Freeze (safe; 3% risk of failure)
Confirm with . or Enter, or press ? or * to list all spells.
Aiming: Freeze (safe; 3% risk of failure)
Press: ? - help, Shift-Dir - straight line, f - goblin
Aim: a goblin, wielding a +0 club You freeze the goblin.
You kill the goblin!
The iguana bites you!
Ouch! That really hurt!
The goblin barely misses you.
Things that are here:
a +0 club; a +0 whip Unknown command.
Sorry, you're not good enough to have a special ability.
Sorry, you're not good enough to have a special ability.
Unknown command.
Casting: Freeze (safe; 3% risk of failure)
Confirm with . or Enter, or press ? or * to list all spells.
Aiming: Freeze (safe; 3% risk of failure)
Press: ? - help, Shift-Dir - straight line, f - iguana
Aim: an iguana You freeze the iguana!
The iguana is heavily wounded.
The iguana bites you.
* * * LOW HITPOINT WARNING * * *
Are you sure you want to abandon this character and quit the game? (Confirm with "yes".)

##......!....
###..#............ ..##
#......l.......... ....
.......................
.......g.........#.....
.......<..#............
........###....(.......
+####.......####.......
##........#@†......
#.o.##.sgl........
#.###...###....... #.
#...... ....... #.
#..............
.##...............
........##........
..#...... .#..##.#
..#.####. #..


You could see a scorpion, an iguana and a goblin.

Vanquished Creatures
  An orc (D:3)
  An endoplasm (D:1)
  3 goblins
  A hobgoblin (D:4)
  A kobold (D:4)
  A quokka (D:3)
  A ball python (D:3)
9 creatures vanquished.

Notes
Turn   | Place    | Note
-------+----------+-------------------------------------------
     0 | D:1      | Flugkiller the Vine Stalker Ice Elementalist began the
                  | quest for the Orb.
     0 | D:1      | Reached XP level 1. HP: 9/9 MP: 4/4
    53 | D:2      | Found Iwkoh's General Store.
   161 | D:3      | Reached XP level 2. HP: 13/13 MP: 1/6
   206 | D:4      | Noticed a scorpion
   226 | D:4      | Quit the game

Illustrated notes

Levels and vault maps discovered:
D:1:      shiori_shiawase, layout_basic
D:2:      layout_basic, serial_shops, shop, minmay_pentomino_o4, uniq_jessica
D:3:      layout_basic, lemuel_round_altar, fedhas_altar_4
D:4:      layout_cave_pools, zin_treasury, serial_shops,
          nicolae_take_the_stairs, kennysheep_mini, nicolae_shop_hallway_plus,
          shop_statue, uniq_robin

Action                     || total
---------------------------++-------
  Melee: Unarmed           ||     7
         Bite              ||     2
   Cast: Freeze            ||     9
 Armour: Robe              ||     9
  Dodge: Dodged            ||     6
